 Dungeon Crawl Stone Soup version 0.21-a0-113-g6841d05 (webtiles) character file.

67 Ijustatesigmund the Ruffian (level 4, 44/44 HPs)
             Began as a Troll Berserker on July 12, 2017.
             Was a Believer of Trog.
             Quit the game on level 2 of the Dungeon.
             The game lasted 00:03:23 (1546 turns).

Ijustatesigmund the Ruffian (Troll Berserker)       Turns: 1546, Time: 00:03:24

Health: 44/44      AC:  7    Str: 25    XL:     4   Next: 0%
Magic:  3/3        EV: 10    Int:  3    God:    Trog [**....]
Gold:   97         SH:  0    Dex: 10    Spells: 3/3 levels left

rFire    . . .     SeeInvis +     - Unarmed
rCold    . . .     Gourm    +   (no shield)
rNeg     . . .     Faith    .   a - +0 animal skin
rPois    .         Spirit   .   (helmet restricted)
rElec    .         Reflect  .   (no cloak)
rCorr    .         Harm     .   (gloves unavailable)
MR       +....                  (boots unavailable)
Stlth    +.........             (no amulet)
HPRegen  0.54/turn              c - ring of see invisible
MPRegen  0.08/turn              (no ring)

@: no status effects
A: unfitting armour, claws 3, iridescent scales 1, blurry vision 1, fast
metabolism 3, gourmand, magic resistance 1, regeneration 1, shaggy fur 1, tough
skin 2
a: Berserk, Trog's Hand, Burn Spellbooks, Renounce Religion


You were on level 2 of the Dungeon.
You worshipped Trog.
Trog was pleased with you.
You were not hungry.

You visited 1 branch of the dungeon, and saw 2 of its levels.

You collected 97 gold pieces.

Inventory:

Missiles
 h - 6 javelins (quivered)
Armour
 a - a +0 animal skin (worn)
Jewellery
 c - a ring of see invisible (left claw)
Potions
 e - a potion of lignification
 g - a potion of brilliance
 i - a potion of might {unknown}
 k - a potion of ambrosia {unknown}
Comestibles
 b - 4 bread rations
 f - 2 fruits
 j - 2 meat rations


   Skills:
 - Level 2.4 Fighting
 - Level 2.4 Dodging
 + Level 4.9 Unarmed Combat


You had 3 spell levels left.
You didn't know any spells.

Dungeon Overview and Level Annotations

Branches:
Dungeon (2/15)

Altars:
Dithmenos


Innate Abilities, Weirdness & Mutations

You are too large for most types of armour.
You have claws for hands.
Your metabolism is lightning-fast.
You like to eat raw meat.
Your natural rate of healing is unusually fast.
You are covered in fur. (AC +1)
You have very tough skin. (AC +2)
You are partially covered in iridescent scales. (AC +2)
Scrolls take you a little longer to read.
You are resistant to hostile enchantments. (MR+)


Message History

Found a hunting sling.
j - 2 meat rations (gained 1)
k - a smoky black potion
l - a scroll of identify
As you read the scroll of identify, it crumbles to dust.
d - a potion of mutation You feel extremely strange.
Iridescent scales grow over part of your body.
Your vision blurs.
You feel resistant to hostile enchantments.
Found a stone staircase leading down.
There is a stone staircase leading down here.
A rat comes into view.
The rat twitches its whiskers.
The rat barely misses you.
You claw the rat!
You kill the rat!
Trog accepts your kill.
You have reached level 4!
Are you sure you want to abandon this character and quit the game? (Confirm with "yes".)

#.#
.........##.........##
#.#
#......................
#.#
#..##.##.)))##.....##..
#.# #..#..
#.†.###..#..###.
##.#### #.<#.# #..)#
.###.. #. #.....#
#..#.###.#.....# .....
##..##.#
#........#####..# .####
##...##.# #.....†..# ..
# ........# ####.#@###
#
#...##..######....####
##
..................)).+
+.
#....#.#######....####
## ##.#.#.# #.#.##
####.#.# #.### .......#
#.# ####.### #.# #+#
#.# #.# #.#


There were no monsters in sight!

Vanquished Creatures
  Robin (D:2)
  An ooze (D:2)
  A worm (D:2)
  3 dart slugs (D:1)
  2 leopard geckos
  4 bats
  A giant cockroach (D:1)
  11 goblins (D:2)
  2 hobgoblins
  6 kobolds
  A quokka (D:2)
  2 frilled lizards
  3 rats
  2 plants (D:1)
40 creatures vanquished.

Notes
Turn   | Place    | Note
-------+----------+-------------------------------------------
     0 | D:1      | Ijustatesigmund the Troll Berserker began the quest for the Orb.
     0 | D:1      | Reached XP level 1. HP: 22/22 MP: 0/0
   235 | D:1      | You fall through a shaft!
   337 | D:1      | Reached XP level 2. HP: 29/29 MP: 1/1
   826 | D:1      | Reached skill level 4 in Unarmed Combat
  1038 | D:2      | Reached XP level 3. HP: 36/36 MP: 2/2
  1202 | D:2      | Noticed Robin
  1341 | D:2      | Found a shadowy altar of Dithmenos.
  1350 | D:2      | Killed Robin
  1364 | D:2      | Reached ** piety under Trog
  1514 | D:2      | Gained mutation: You are partially covered in iridescent scales. (AC +2) [potion of mutation]
  1514 | D:2      | Gained mutation: Scrolls take you a little longer to read. [potion of mutation]
  1514 | D:2      | Gained mutation: You are resistant to hostile enchantments. (MR+) [potion of mutation]
  1545 | D:2      | Reached XP level 4. HP: 44/44 MP: 3/3
  1546 | D:2      | Quit the game

Vault maps used:
D:1:      roderic_crop_circles_arrival_small, minmay_tetromino_s2
D:2:      nicolae_dithmenos_shadow_blocks, uniq_robin

Skill      XL: |  1  2 |
---------------+-------+-----
Unarmed Combat | 4 |  4.9
Fighting       | |  2.4
Dodging        | |  2.4

Action                   |  1- 3 |  4- 6 || total
-------------------------+-------+-------++-------
Melee: Unarmed           |    97 |       ||    97
       Punch             |     1 |       ||     1
Throw: Javelin           |     3 |       ||     3
Invok: Berserk           |     1 |       ||     1
  Use: Scroll            |     6 |       ||     6
       Potion            |     1 |       ||     1
 Stab: Sleeping          |     2 |       ||     2
  Eat: Chunk             |    15 |       ||    15
Armor: Animal skin       |    44 |       ||    44
Dodge: Dodged            |    46 |       ||    46
